 Dungeon Crawl Stone Soup version 0.30.1-11-g7821555f0a (webtiles) character file.

Game seed: 1238711068656373077

1160 bnorton916 the Magician (level 8, -3/41 HPs)
             Began as a Deep Elf Fire Elementalist on Dec 4, 2023.
             Slain by an orc warrior
             ... wielding a +0 flail
              (8 damage)
             ... on level 5 of the Dungeon.
             The game lasted 00:08:12 (7183 turns).

bnorton916 the Magician (DEFE)                      Turns: 7183, Time: 00:08:12

Health: -3/41      AC:  8    Str: 11    XL:     8   Next: 16%
Magic:  13/20      EV: 12    Int: 23    God:
Gold:   441        SH:  0    Dex: 15    Spells: 7/21 levels left

rFire   . . .        (no weapon)
rCold   . . .        (no shield)
rNeg    . . .        a - +0 robe
rPois   .            (no helmet)
rElec   .            (no cloak)
rCorr   .            F - +0 pair of gloves
SInv    .            E - +0 pair of boots
Will    .....        (no amulet)
Stlth   ++           e - +4 ring of protection
HPRegen 0.26/turn    m - +6 ring of strength
MPRegen 0.17/turn

%: no passive effects
@: no status effects
A: no striking features
a: no special abilities


You were on level 5 of the Dungeon.
You visited 1 branch of the dungeon, and saw 6 of its levels.

You collected 441 gold pieces.

Inventory:

Hand Weapons
 s - a +3 dagger
 w - a +4 whip
 y - a +0 trident of flaming
 D - a +0 short sword of protection
Missiles
 J - 4 poisoned darts
Armour
 a - a +0 robe (worn)
 E - a +0 pair of boots (worn)
 F - a +0 pair of gloves (worn)
Jewellery
 e - a +4 ring of protection (left hand)
 m - a +6 ring of strength (right hand)
 t - a ring of positive energy
Wands
 z - a wand of mindburst (11)
 K - a wand of iceblast (6)
 L - a wand of digging (5)
Scrolls
 d - 6 scrolls of identify {unknown}
 g - a scroll of noise
 h - 2 scrolls of fog
 i - a scroll of enchant armour {unknown}
 o - a scroll of vulnerability {unknown}
 p - a scroll of amnesia {unknown}
 q - a scroll of immolation
 u - a scroll of fear {unknown}
 A - a scroll of teleportation
 B - a scroll of blinking {unknown}
 C - a scroll of silence {unknown}
 G - a scroll of summoning {unknown}
 H - a scroll of enchant weapon {unknown}
 I - a scroll of torment {unknown}
Potions
 b - 3 potions of magic
 c - 2 potions of might {unknown}
 f - a potion of invisibility {unknown}
 j - a potion of attraction {unknown}
 k - a potion of heal wounds {unknown}
 l - 2 potions of mutation {unknown}
 n - 2 potions of flight {unknown}
 r - 2 potions of curing {unknown}
 v - a potion of degeneration {unknown}
 x - a potion of lignification {unknown}


   Skills:
 + Level 2.8 Armour
 - Level 2.4 Dodging
 - Level 2.4 Stealth
 - Level 7.2 Spellcasting
 + Level 5.7 Conjurations
 + Level 1.1 Hexes
 - Level 6.4 Fire Magic


You had 7 spell levels left.
You knew the following spells:

 Your Spells              Type           Power      Damage    Failure   Level
a - Foxfire               Conj/Fire      100%       2x1d9     1%          1
b - Scorch                Fire           76%        2d8       1%          2
c - Volatile Blastmotes   Fire/Tloc      46%        2d13      6%          3
d - Flame Wave            Conj/Fire      36%        2d10      6%          4
e - Fulminant Prism       Conj/Hex       12%        3d8       19%         4

Your spell library contained the following spells:

 Spells                   Type           Power      Damage    Failure   Level
 Magic Dart               Conj           100%       1d8       1%          1
 Searing Ray              Conj           68%        2d6       1%          2
 Inner Flame              Hex/Fire       25%        N/A       4%          3
 Beastly Appendage        Tmut           16%        N/A       8%          1
 Cigotuvi's Dreadful Rot  Necr/Pois/Air  16%        N/A       12%         2
 Wereblood                Tmut           8%         N/A       12%         2
 Spider Form              Tmut/Pois      8%         N/A       22%         3
 Dispel Undead            Necr           8%         3d8       58%         4
 Death Channel            Necr           4%         N/A       100%        6


Dungeon Overview and Level Annotations

Branches:
Dungeon (6/15)
 Temple: D:4-7

Altars:
Qazlal
Xom


Message History

The orc warrior hits you with a +0 flail!
Unknown command.
Casting: Scorch (safe; 1% risk of failure)
Confirm with . or Enter, or press ? or * to list all spells.
Flames lash the orc warrior but do no damage.
The orc warrior barely misses you.
The orc warrior is no longer more vulnerable to fire.
The orc warrior hits you with a +0 flail.
Unknown command.
Casting: Scorch (safe; 1% risk of failure)
Confirm with . or Enter, or press ? or * to list all spells.
Flames lash the orc warrior.
The orc warrior is lightly wounded.
The orc warrior's fire resistance burns away.
The orc warrior barely misses you. The orc warrior closely misses you.
Unknown command.
The orc warrior barely misses you.
You climb upwards.
There is a stone staircase leading down here.
Casting: Scorch (safe; 1% risk of failure)
Confirm with . or Enter, or press ? or * to list all spells.
You conjure some foxfire!
The orc warrior is no longer more vulnerable to fire.
The orc warrior closely misses you.
The foxfire hits the orc warrior!
The orc warrior is moderately wounded.
The foxfire hits the orc warrior but does no damage.
The orc warrior is moderately wounded.
The orc warrior hits you with a +0 flail.
Unknown command.
Casting: Foxfire (safe; 1% risk of failure)
Confirm with . or Enter, or press ? or * to list all spells.
Flames lash the orc warrior.
The orc warrior is heavily wounded.
The orc warrior's fire resistance burns away.
The orc warrior hits you with a +0 flail!
* * * LOW HITPOINT WARNING * * *
The orc warrior hits you with a +0 flail!
You die...

.....##.#..# ..##
............ ....#
.##...###..##....###
.................#.#
..............#..#.#
..#...###..####..#.#
#.#...###....)...#.#
...o..........#.o#.#
#.#...o..o.####.@#.#
#.#...####.# #..#.#
#.#...# #.# #..#.#
#.#...# #o# #..#.#
......# #.# ##..#.######
.....## #.# #<.........#
#.#..#####.###...#.######
#.#..............#.#
.................#.######


You could see an orc warrior (combustible).

Vanquished Creatures
  Sigmund (D:6)
  A black bear (D:6)
  An ogre (D:5)
  2 centaurs (D:6)
  2 bullfrogs
  A scorpion (D:5)
  A howler monkey (D:6)
  A jelly (D:6)
  2 hounds
  2 orc priests
  A sleepcap (D:5)
  3 iguanas
  An orc wizard (D:4)
  3 adders
  A white imp (D:5)
  An ufetubus (D:6)
  2 dart slugs
  12 orcs
  8 bats
  13 endoplasms
  4 giant cockroaches
  7 hobgoblins
  10 jackals
  4 quokkas
  4 ball pythons
  4 frilled lizards
  5 goblins
  11 kobolds
  12 rats
120 creatures vanquished.

Vanquished Creatures (collateral kills)
  4 foxfires (D:3)
4 creatures vanquished.

Vanquished Creatures (others)
  A quokka (D:6)
  485 foxfires
486 creatures vanquished.

Grand Total: 610 creatures vanquished

Notes
Turn   | Place    | Note
-------+----------+-------------------------------------------
     0 | D:1      | bnorton916 the Deep Elf Fire Elementalist began the quest
                  | for the Orb.
     0 | D:1      | Reached XP level 1. HP: 10/10 MP: 6/6
   238 | D:1      | Reached XP level 2. HP: 15/15 MP: 6/8
  1072 | D:1      | Reached XP level 3. HP: 19/19 MP: 7/10
  1100 | D:1      | Learned a level 2 spell: Scorch
  1992 | D:2      | Found a shimmering altar of Xom.
  2028 | D:2      | Reached skill level 4 in Spellcasting
  2893 | D:3      | Reached XP level 4. HP: 24/24 MP: 6/12
  3608 | D:3      | Found a faded altar of an unknown god.
  3608 | D:3      | Noticed a hellion
  4208 | D:4      | Reached XP level 5. HP: 28/28 MP: 11/14
  4388 | D:4      | Reached skill level 5 in Spellcasting
  4546 | D:4      | Found a shimmering altar of Xom.
  5022 | D:5      | Entered Level 5 of the Dungeon
  5110 | D:5      | Noticed an ogre
  5121 | D:5      | Learned a level 3 spell: Volatile Blastmotes
  5132 | D:5      | Killed an ogre
  5133 | D:5      | Reached skill level 5 in Fire Magic
  5133 | D:5      | Reached XP level 6. HP: 32/32 MP: 10/16
  5772 | D:4      | Learned a level 4 spell: Flame Wave
  5791 | D:5      | Found a stormy altar of Qazlal.
  6104 | D:5      | Reached skill level 1 in Armour
  6134 | D:5      | Reached skill level 6 in Spellcasting
  6294 | D:5      | Noticed a troll
  6294 | D:5      | Noticed a vampire
  6313 | D:5      | Reached XP level 7. HP: 13/36 MP: 15/18
  6667 | D:6      | Reached skill level 5 in Conjurations
  6789 | D:6      | Noticed Sigmund
  6798 | D:6      | Killed Sigmund
  6799 | D:6      | Reached skill level 7 in Spellcasting
  6799 | D:6      | Reached XP level 8. HP: 41/41 MP: 7/20
  7075 | D:6      | Learned a level 4 spell: Fulminant Prism
  7106 | D:6      | Reached skill level 1 in Hexes
  7183 | D:5      | Slain by an orc warrior

Illustrated notes

Levels and vault maps discovered:
D:1:      dpeg_arrival_prison, layout_basic, minmay_tromino_v7
D:2:      layout_basic, basic_altar, chequers_garden, grunt_ministairs_6,
          nrook_uturn
D:3:      layout_basic, dreamdust_ecumenical_altar_sealed_demon,
          minmay_tree_intersection
D:4:      layout_cave_pools, mainiacjoe_overflow_cross_hatched
D:5:      kennysheep_big_flooded_room, layout_basic, amcnicky_altar_gilded,
          uniq_crazy_yiuf_cottage
D:6:      layout_loops_ring, elyvilon_altar_4, st_stairs_11,
          nicolae_shop_i_like_small_books_too, uniq_sigmund

Skill      XL: |  1  2  3  4  5  6  7  8 |
---------------+-------------------------+-----
Conjurations   | 2 3 4 5 |  5.7
Fire Magic     | 4 5 6 |  6.4
Spellcasting   | 4 5 6 7 |  7.2
Armour         | 1 2 |  2.8
Hexes          | 1 |  1.1
Dodging        | |  2.4
Stealth        | |  2.4

Action                     |  1- 3 |  4- 6 |  7- 9 || total
---------------------------+-------+-------+-------++-------
   Cast: Foxfire           |   155 |   108 |    31 ||   294
         Scorch            |     5 |    20 |    12 ||    37
         Volatile Blastmot |       |     1 |       ||     1
    Use: Scroll            |       |     4 |       ||     4
 Armour: Robe              |    16 |    31 |     8 ||    55
  Dodge: Dodged            |    28 |    47 |    21 ||    96
